 Dungeon Crawl Stone Soup version 0.22-a0-542-gce4f928 (webtiles) character file.

338 4thArraOfDagon the Sneak (level 6, 0/25 HPs)
             Began as a Felid Conjurer on June 24, 2018.
             Was an Initiate of Cheibriados.
             Slain by a centaur
             ... wielding a +0 spear
              (9 damage)
             ... on level 5 of the Dungeon.
             The game lasted 00:08:10 (1279 turns).

4thArraOfDagon the Sneak (Felid Conjurer)           Turns: 1279, Time: 00:08:11

Health: 0/25       AC:  2    Str:  5 (8)  XL:     6   Next: 29%
Magic:  10/10      EV: 21    Int: 17 (20) God:    Cheibriados [......]
Gold:   121        SH:  0    Dex: 20 (23) Spells: 2/9 levels left
                                        Lives:  0   Deaths: 1

rFire    . . .     SeeInvis +     - Unarmed
rCold    . . .     Gourm    .   (shield unavailable)
rNeg     . . .     Faith    .   (armour unavailable)
rPois    +         Spirit   .   (helmet unavailable)
rElec    .         Reflect  .   (cloak unavailable)
rCorr    +         Harm     .   (gloves unavailable)
MR       .....                  (boots unavailable)
Stlth    ++++......             g - amulet of magic regeneration
HPRegen  0.08/turn              a - ring "Sigulafe" {+Inv rPois Str+3 Dex+6}
MPRegen  0.37/turn              i - ring of resist corrosion

@: about to teleport, slow
A: very small, no armour, no weapons or thrown items, stealth, claws 1, fangs 3,
see invisible, carnivore, speed 1, poison resistance, shaggy fur 2, slow
metabolism 1, MP-powered wands, sharp paws
a: Bend Time, Renounce Religion, Evoke Invisibility


You were on level 5 of the Dungeon.
You worshipped Cheibriados.
Cheibriados was noncommittal.
You were very full.

You visited 2 branches of the dungeon, and saw 8 of its levels.

You collected 121 gold pieces.

Inventory:

Jewellery
 a - the ring "Sigulafe" (left paw) {+Inv rPois Str+3 Dex+6}
   (You acquired it on level 7 of the Dungeon)

   [ring of dexterity]

   It affects your strength (+3).
   It affects your dexterity (+6).
   It protects you from poison.
   It lets you turn invisible.
 g - an amulet of magic regeneration (around neck)
 i - a ring of resist corrosion (right paw)
Wands
 h - a wand of flame (28)
Scrolls
 d - 2 scrolls of identify {unknown}
 e - 5 scrolls of teleportation
Potions
 c - a potion of mutation
 f - a potion of haste
Comestibles
 b - 4 rations


   Skills:
 + Level 1.1 Fighting
 + Level 4.9 Dodging
 + Level 5.2 Stealth
 * Level 4.4 Unarmed Combat
 - Level 2.0 Spellcasting
 * Level 4.1 Conjurations
 + Level 1.0 Invocations


You had 2 spell levels left.
You knew the following spells:

 Your Spells              Type           Power        Failure   Level  Hunger
a - Magic Dart            Conj           ###.         3%          1    #......
b - Searing Ray           Conj           ###...       5%          2    ###....
c - Iskenderun's Mystic   Conj           ###.....     34%         4    #####..

Your spell library contained the following spells:

 Spells                   Type           Power        Failure   Level  Hunger
 Fulminant Prism          Conj/Hex       #.........   63%         4    #####..
 Dazzling Spray           Conj/Hex       #.....       26%         3    ###....
 Force Lance              Conj/Tloc      #.......     63%         4    #####..


Dungeon Overview and Level Annotations

Branches:
Dungeon (7/15)             Temple (1/1) D:7

Altars:
Ashenzari
Cheibriados
Gozag
Hepliaklqana
Makhleb
Ru
Sif Muna
Trog
The Shining One

Annotations:
D:3 Grinder
D:5 Eustachio


Innate Abilities, Weirdness & Mutations

You cannot wear armour.
You are incapable of wielding weapons or throwing items.
Your paws allow you to move quietly. (Stealth)
You have sharp claws.
You have razor-sharp teeth.
You have supernaturally acute eyesight. (SInv)
You are carnivorous and can eat meat at any time.
You cover ground quickly.
You are covered in thick fur. (AC +2)
You have a slow metabolism.
Your sharp claws are effective at attacking unaware monsters.
Your system is resistant to poisons. (rPois)
You expend magic power (3 MP) to strengthen your wands.


Message History

Unknown command.
Unknown command.
Unknown command.
Your surroundings suddenly seem different.
The centaur unwields an uncursed shortbow.
The centaur wields an uncursed spear.
The centaur barely misses you.
Found 21 gold pieces.
A crimson imp comes into view.
Unknown command.
Casting: Searing Ray (safe; 5% risk of failure)
Confirm with . or Enter, or press ? or * to list all spells.
Aiming: Searing Ray (safe; 5% risk of failure)
Press: ? - help, Shift-Dir - straight line, f - centaur
Aim: a centaur, wielding a spear
Okay, then.
Okay, then.
As you read the scroll of teleportation, it crumbles to dust.
You feel strangely unstable.
The centaur hits you with an uncursed spear!
You die...

## .# .. .## ####$. ..#
#...... #.# ##.....?.
#.# #.......5 #.####
#)....... #....##
#........ #.....##
#@....... #......#
###c....... #....#.#
#####...l......
######.###..((.#.<......
#.....)..#####........
....##.##### #$.......
### #.# #........ #.#
#........ #.# #......


You could see a centaur, a crimson imp (sleeping) and a leopard gecko.

Vanquished Creatures
  A hippogriff (D:7)
  Blork the orc (D:5)
  A bullfrog zombie (D:5)
  3 hounds
  An orc priest (D:6)
  A worker ant (D:5)
  2 adders (D:7)
  A worm (D:5)
  2 leopard geckos
  6 orcs
  3 bats (D:2)
  3 giant cockroaches
  A goblin (D:3)
  4 hobgoblins
  A quokka (D:5)
  A jackal skeleton (D:5)
  A kobold (D:2)
  2 rats (D:3)
35 creatures vanquished.

Notes
Turn   | Place    | Note
-------+----------+-------------------------------------------
     0 | D:1      | 4thArraOfDagon the Felid Conjurer began the quest for the Orb.
     0 | D:1      | Reached XP level 1. HP: 7/7 MP: 4/4
    91 | D:2      | Reached skill level 3 in Stealth
    91 | D:2      | Reached skill level 1 in Unarmed Combat
   125 | D:2      | Reached XP level 2. HP: 8/11 MP: 0/6
   328 | D:3      | Noticed Grinder
   360 | D:3      | You fall through a shaft!
   370 | D:4      | Learned a level 2 spell: Searing Ray
   415 | D:5      | Entered Level 5 of the Dungeon
   430 | D:4      | You fall through a shaft for 3 floors!
   493 | D:7      | Identified a scroll of acquirement
   494 | D:7      | Got a smoking copper ring
   495 | D:7      | Identified the ring "Sigulafe" {+Inv rPois Str+3 Dex+6} (You acquired it on level 7 of the Dungeon)
   566 | D:7      | Found an opulent altar of Gozag.
   567 | D:7      | Noticed a hippogriff
   589 | D:7      | Gained mutation: Your system is resistant to poisons. (rPois) [potion of mutation]
   589 | D:7      | Gained mutation: You expend magic power (3 MP) to strengthen your wands. [potion of mutation]
   595 | D:7      | Reached XP level 3. HP: 14/14 MP: 4/7
   602 | D:7      | Killed a hippogriff
   602 | D:7      | Reached skill level 4 in Stealth
   602 | D:7      | Reached XP level 4. HP: 12/18 MP: 4/8
   602 | D:7      | Reached XP level 5. HP: 14/21 MP: 4/9
   633 | D:7      | Learned a level 4 spell: Iskenderun's Mystic Blast
   742 | D:7      | Found a staircase to the Ecumenical Temple.
   756 | Temple   | Entered the Ecumenical Temple
   795 | Temple   | Became a worshipper of Cheibriados the Contemplative
   940 | D:6      | Killed from afar by an orc priest
   941 | D:6      | Reached XP level 4. HP: -3/18 MP: 6/8
   973 | D:6      | Reached skill level 5 in Stealth
   973 | D:6      | Reached XP level 5. HP: 15/21 MP: 6/9
  1056 | D:6      | Noticed a sky beast
  1068 | D:5      | Noticed Eustachio
  1235 | D:5      | Reached skill level 1 in Fighting
  1235 | D:5      | Gained mutation: You are covered in thick fur. (AC +2) [Felid growth]
  1235 | D:5      | Reached XP level 6. HP: 24/25 MP: 6/10
  1254 | D:5      | Noticed Blork the orc
  1262 | D:5      | Killed Blork the orc
  1262 | D:5      | Reached skill level 1 in Invocations
  1279 | D:5      | Slain by a centaur

Vault maps used:
D:1:      shiori_arrival_elements, hangedman_decor_riveting
D:2:      first_ration, minmay_octomino_c4
D:3:      uniq_robin, uniq_grinder, uniq_purgy
D:4:      cheibrodos_sewer_entry_bend, serial_shops, shop
D:5:      minmay_misc_feat_nine_boxes, uniq_blork_the_orc, uniq_eustachio,
          uniq_menkaure
D:6:      minivault_5
D:7:      lemuel_ice_spiral_2, minmay_temple_entry_statues_pillars, basic_altar,
          minmay_statues_item, kennysheep_minor_cross, grunt_livestock,
          hangedman_abyss_or_decor_slice
Temple:   regret_index_temple_waves

Skill      XL: |  1  2  3  4  5  6 |
---------------+-------------------+-----
Stealth        | 3 4 5 |  5.2
Unarmed Combat | 1 2 3 4 |  4.4
Dodging        | 3 4 |  4.9
Fighting       | 1 |  1.1
Conjurations   | 4 |  4.1
Invocations    | 1 |  1.0
Spellcasting   | |  2.0

Action                   |  1- 3 |  4- 6 || total
-------------------------+-------+-------++-------
Melee: Unarmed           |    21 |    39 ||    60
       Bite              |     1 |     7 ||     8
 Cast: Magic Dart        |    20 |    11 ||    31
       Searing Ray       |     2 |    10 ||    12
  Use: Scroll            |     7 |     2 ||     9
       Potion            |     3 |     3 ||     6
 Stab: Sleeping          |     3 |     3 ||     6
  Eat: Chunk             |     6 |     7 ||    13
Armor: Skin              |    14 |     4 ||    18
Dodge: Dodged            |    21 |    43 ||    64

Table legend:
 A = Spawn XP
 B = Non-spawn XP
 C = Spawn XP percentage of total XP
 D = Spawn monster count
 E = Non-spawn monster count
 F = Spawn count percentage of total count
 G = Total turns spent on level
                    A         B        C        D         E        F      G
               +---------+---------+-------+---------+---------+-------+---------
         Total |       0 |     664 |   0.0 |       0 |      35 |   0.0 |  1279
               +---------+---------+-------+---------+---------+-------+---------
           D:1 |       0 |       2 |   0.0 |       0 |       1 |   0.0 |    52
           D:2 |       0 |      12 |   0.0 |       0 |       7 |   0.0 |   162
           D:3 |       0 |       8 |   0.0 |       0 |       5 |   0.0 |   146
           D:5 |       0 |     242 |   0.0 |       0 |      13 |   0.0 |   222
           D:6 |       0 |      95 |   0.0 |       0 |       5 |   0.0 |   201
           D:7 |       0 |     305 |   0.0 |       0 |       4 |   0.0 |   353
               +---------+---------+-------+---------+---------+-------+---------
